 Dungeon Crawl Stone Soup version 0.23.2 (webtiles) character file.

Game seed: 15286119209441600945

14 Kairos the Skirmisher (level 2, 0/25 HPs)
             Began as a Formicid Abyssal Knight on Apr 12, 2019.
             Was an Initiate of Lugonu.
             Slain by a worm (1 damage)
             ... on level 2 of the Dungeon.
             The game lasted 00:01:26 (931 turns).

Kairos the Skirmisher (Formicid Abyssal Knight)      Turns: 931, Time: 00:01:27

Health: 0/25       AC:  6    Str: 16    XL:     2   Next: 55%
Magic:  3/3        EV:  9    Int: 11    God:    Lugonu [......]
Gold:   60         SH:  0    Dex: 10    Spells: 1/1 levels left

rFire    . . .     SeeInvis +   a - +1 short sword
rCold    . . .     Gourm    .   (no shield)
rNeg     . . .     Faith    .   f - +0 scale mail (curse)
rPois    .         Spirit   .   (helmet unavailable)
rElec    .         Reflect  .   (no cloak)
rCorr    .         Harm     .   (no gloves)
MR       .....                  (no boots)
Stlth    ..........             (no amulet)
HPRegen  0.08/turn              (no ring)
MPRegen  0.08/turn              (no ring)

@: lethally poisoned (0 -> -4)
A: permanent stasis, dig shafts and tunnels, four strong arms, antennae 3
a: Dig, Shaft Self, Renounce Religion


You were on level 2 of the Dungeon.
You worshipped Lugonu.
Lugonu was noncommittal.
You were hungry.

You visited 1 branch of the dungeon, and saw 2 of its levels.
You visited the Abyss 1 time.

You collected 60 gold pieces.

Inventory:

Hand Weapons
 a - a +1 short sword (weapon)
Armour
 b - a +0 leather armour
 f - a cursed +0 scale mail (worn)
Jewellery
 j - a cursed amulet of inaccuracy
Wands
 e - a wand of iceblast (6)
Scrolls
 h - a scroll of identify
Comestibles
 c - 4 rations


   Skills:
 + Level 3.8 Fighting
 + Level 2.0 Short Blades
 + Level 2.4 Armour
 + Level 1.1 Dodging
 + Level 2.2 Invocations


You had one spell level left.
You didn't know any spells.
Your spell library was empty.

Dungeon Overview and Level Annotations

Branches:
Dungeon (2/15)

Altars:


Innate Abilities, Weirdness & Mutations

You cannot be hasted, slowed, berserked, paralysed or teleported.
You can dig through walls and to a lower floor.
Your four strong arms can wield two-handed weapons with a shield.
You have a pair of large antennae on your head. (SInv)


Message History

You are too injured to fight recklessly!
You are too injured to fight recklessly!
You are too injured to fight recklessly!
You are too injured to fight recklessly!
You are too injured to fight recklessly!
You are too injured to fight recklessly!
Unknown command.
You are too injured to fight recklessly!
You are too injured to fight recklessly!
You feel sick. The bat hits you but does no damage.
The adder bites you but does no damage. The goblin hits you but does no damage.
Unknown command.
You hit the goblin.
You kill the goblin!
Lugonu accepts your kill. The adder bites you but does no damage.
The bat misses you. The worm bites you!
* * * LOW HITPOINT WARNING * * *
The adder bites you but does no damage. The bat barely misses you.
The adder barely misses you. The worm bites you.
You die...

.#### ####
.#... #... ...
######..##.##
#...........##
#......<.....##
#...........$.#
#......S@w....#
#####...w)....#
#...b.....#
#.........#
.....[....##
###.........#
#.........#
#...?.....#


You could see 2 worms, an adder and a bat.

Vanquished Creatures
  A bat (D:1)
  3 goblins
  4 hobgoblins (D:1)
  2 kobolds
  A frilled lizard (D:1)
11 creatures vanquished.

Notes
Turn   | Place    | Note
-------+----------+-------------------------------------------
     0 | Abyss:1  | Kairos the Formicid Abyssal Knight began the quest for the
                  | Orb.
     0 | Abyss:1  | Reached XP level 1. HP: 18/18 MP: 2/2
    36 | Abyss:1  | Noticed an ancient zyme
   132 | Abyss:2  | Noticed a bone dragon
   134 | D:1      | Escaped the Abyss
   164 | D:1      | Reached skill level 1 in Dodging
   383 | D:1      | Reached XP level 2. HP: 18/24 MP: 3/3
   930 | D:2      | HP: 1/25 [worm (9)]
   931 | D:2      | Slain by a worm

Skill      XL: |  1 |
---------------+----+-----
Dodging        | 1 |  1.1
Fighting       | |  3.8
Short Blades   | |  2.0
Armour         | |  2.4
Invocations    | |  2.2

Action                   || total
-------------------------++-------
Melee: Short sword       ||    39
Invok: Depart the Abyss  ||     1
 Abil: Dig               ||     6
  Use: Scroll            ||     4
       Potion            ||     1
Armor: Scale mail        ||    23
Dodge: Dodged            ||    23
